Map: Orbital Shipyard

Players

Wanko - Winner!

  • Race: Protoss Protoss
  • League: Grandmaster

Javert

  • Race: Zerg Zerg
  • League: Grandmaster

VOD

Have the link to the VOD?

Description

Time

  • Played on: June 30, 2015, 12:05 a.m.
  • Length: 2:02
Show
View Real Time Build Order
Export as new Build Order

Wanko Protoss - Winner!

Build Orders: Cannon Rush 

Get SALT Encoding   

  12  0:01  Probe  
  13  0:16  Pylon  
  13  0:20  Probe  
  14  0:34  Probe (Chrono Boost)  
  15  0:40  Forge  
  15  0:46  Probe (Chrono Boost)  
  15  0:49  Pylon  
  16  0:55  Probe (Chrono Boost)  
  17  1:05  Probe  
  17  1:07  Pylon  
  18  1:16  Photon Cannon  
  18  1:25  Pylon  
  18  1:35  Photon Cannon  
  18  1:44  Photon Cannon  
  18  1:57  Photon Cannon  
Show
View Real Time Build Order
Export as new Build Order

Javert Zerg 

Build Orders: Hatch First 

Get SALT Encoding   

  12  0:01  Drone  
  13  0:10  Drone  
  14  0:18  Extractor  
  14  0:21  Extractor  
  12  0:22  Drone x2  
  16  0:44  Hatchery  
  16  0:49  Overlord  
  15  1:01  Extractor  
  14  1:05  Spawning Pool  
  14  1:10  Drone  
  14  1:13  Drone  
  14  1:17  Drone  
  16  1:25  Drone  
  17  1:36  Drone  
  18  1:44  Drone  
Tags
 
Add a new tag
Caveats
  • Supply blocks, unpowered buildings, or Contaminate may cause inaccurate times.
  • Supply counts are checked every 10 seconds.